 Dungeon Crawl Stone Soup version 0.20.0-9-g8272e65 (webtiles) character file.

34719 Kosschaser the Severer (level 13, -4/184 HPs)
             Began as a Hill Orc Berserker on June 2, 2017.
             Was a High Priest of Trog.
             Slain by a 13-headed hydra (7 damage)
             ... on level 14 of the Dungeon on June 3, 2017.
             The game lasted 01:07:53 (14464 turns).

Kosschaser the Severer (Hill Orc Berserker)        Turns: 14464, Time: 01:07:54

Health: -4/184     AC: 14    Str: 30    XL:     13   Next: 79%
Magic:  14/14      EV: 14    Int:  8    God:    Trog [*****.]
Gold:   376        SH:  0    Dex: 14    Spells: 12/12 levels left

rFire    . . .     SeeInvis +   R - +5 battleaxe (chop)
rCold    + . .     Gourm    .   (shield currently unavailable)
rNeg     + . .     Faith    .   M - +4 ring mail {rC+}
rPois    +         Spirit   .   P - +0 helmet {SInv}
rElec    +         Reflect  .   a - +2 cloak
rCorr    .         Harm     .   y - +0 pair of gloves
MR       ++...     Rnd*Rage +   (no boots)
Stlth    ..........             B - necklace of Bloodlust {*Rage +Rage MR++ Int-3 Slay+6 *Curse} (curse)
Regen    0.4/turn               H - ring "Homusir" {+Inv rElec rN+ Str+4 Int+4}
MPRegen  0.2/turn               (no ring)

@: berserking, heavily drained, very quick
A: deformed body, poison resistance
a: Berserk, Trog's Hand, Brothers in Arms, Burn Spellbooks, Renounce Religion,
Evoke Berserk Rage, Evoke Invisibility


You were on level 14 of the Dungeon.
You worshipped Trog.
Trog was extremely pleased with you.
You were not hungry.

You visited 1 branch of the dungeon, and saw 14 of its levels.
You also visited: Bailey and Ice Cave.

You collected 1137 gold pieces.
You spent 761 gold pieces at shops.

Inventory:

Hand Weapons
 F - a +6 antimagic battleaxe
 Q - a +3 broad axe
 R - a +5 battleaxe of chopping (weapon)
Armour
 a - a +2 cloak (worn)
 y - a +0 pair of gloves (worn)
 M - a +4 ring mail of cold resistance (worn)
 P - a +0 helmet of see invisible (worn)
Jewellery
 B - the cursed necklace of Bloodlust (around neck) {*Rage +Rage MR++ Int-3 Slay+6 *Curse}
   (You bought it in a shop on level 11 of the Dungeon)

   [amulet of rage]

   It affects your intelligence (-3).
   It affects your accuracy and damage with ranged weapons and melee attacks
   (+6).
   It affects your resistance to hostile enchantments.
   It lets you go berserk.
   It may make you go berserk in combat.
   It curses itself when equipped.
   It has a curse placed upon it.
 H - the ring "Homusir" (left hand) {+Inv rElec rN+ Str+4 Int+4}
   (You took it off a wight on level 7 of the Dungeon)

   [ring of positive energy]

   It affects your strength (+4).
   It affects your intelligence (+4).
   It insulates you from electricity.
   It protects you from negative energy.
   It lets you turn invisible.
Wands
 f - a wand of confusion (26/48)
 n - a wand of digging (8/24)
 u - a wand of iceblast (2/15)
 C - a wand of confusion (25/48)
 D - a wand of flame (26/48)
 E - a wand of acid (9/15)
Scrolls
 e - 4 scrolls of remove curse
 h - a scroll of recharging {unknown}
 i - 2 scrolls of magic mapping
 j - 10 scrolls of teleportation
 q - 4 scrolls of fog
 v - 2 scrolls of blinking
 w - a scroll of enchant armour {unknown}
 x - 5 scrolls of enchant weapon {unknown}
 G - a scroll of summoning {unknown}
Potions
 b - 3 potions of lignification {unknown}
 d - 3 potions of heal wounds {unknown}
 g - 8 potions of degeneration {unknown}
 k - 2 potions of ambrosia {unknown}
 l - a potion of curing {unknown}
 m - 3 potions of flight {unknown}
 t - 4 potions of haste {unknown}
 z - 4 potions of agility {unknown}
 A - 3 potions of mutation {unknown}
 J - a potion of might {unknown}
 K - a potion of berserk rage {unknown}
 L - 2 potions of brilliance {unknown}
 O - a potion of invisibility {unknown}
Comestibles
 c - 11 bread rations
 o - 9 royal jellies
 p - 8 meat rations
 I - 4 fruits


   Skills:
 + Level 13.9(11.9) Fighting
 + Level 19.6(17.2) Axes
 + Level 9.4(7.6) Armour
 + Level 7.3(5.6) Dodging
 + Level 1.4(0.0) Evocations


You had 12 spell levels left.
You didn't know any spells.

Dungeon Overview and Level Annotations

Branches:
Dungeon (14/15)            Temple (0/1) D:7            Lair (0/6) D:10
    Orc (0/2) D:9          Vaults (0/5) D:13

Altars:
Nemelex Xobeh
Trog
Vehumet
Xom
Yredelemnul
Zin
The Shining One

Shops:
D:11 =


Innate Abilities, Weirdness & Mutations

Armour fits poorly on your strangely shaped body.
Your system is resistant to poisons. (rPois)


Message History

The 11-headed hydra bites you!
* * * LOW HITPOINT WARNING * * *
The 11-headed hydra bites you!
* * * LOW HITPOINT WARNING * * *
The 11-headed hydra barely misses you. The 11-headed hydra closely misses you.
You chop one of the 11-headed hydra's heads off!
The ten-headed hydra grows two more!
You slash the 12-headed hydra!
The 12-headed hydra is almost dead.
You hack one of the 12-headed hydra's heads off!
The 11-headed hydra grows two more!
You slash the 13-headed hydra!
The 13-headed hydra is almost dead.
The 13-headed hydra bites you.
* * * LOW HITPOINT WARNING * * *
The 13-headed hydra closely misses you. The 13-headed hydra bites you.
* * * LOW HITPOINT WARNING * * *
The 13-headed hydra bites you but does no damage.
The 13-headed hydra bites you!
* * * LOW HITPOINT WARNING * * *
The 13-headed hydra barely misses you. The 13-headed hydra bites you!
You die...

******* **** ,,,,,,* ### *>,,
*****,*###### #.# *,**
*,*#....####.### *,*
*,*#....##.+...####*******,*
*****,*#..[....#.......,,,,,,,,*
,,,,,,*#....##.'...#####*****,,*
*******#....####........,,,,,,,*
****** ###### #@##.####*,**,<,*
,,,,,* #### ##D#*,# *,**,,,*
,,**,* #..# #..#*,* *,**,,,*
*,**.#####..###.>##.## *,**,,,**
*,**.................# *,,,,,,,,
*,***#####..###..##..# ****,,,*,
*,* #..# #.##*,.#******,,,*,
#.########..# #.#
*,,,,,,,,,,,,*, ............#
#.# *,,*******,***,


You could see a 13-headed hydra.

Vanquished Creatures
  Rupert (D:13)
  Harold (D:11)
  4 vault guards (D:13)
  6 two-headed ogres
  2 unseen horrors
  A sea snake (shapeshifter) (D:13)
  A necromancer (IceCv)
  A wolf spider zombie (D:13)
  3 cyclopes
  4 ugly things
  4 ice statues (IceCv)
  A guardian serpent (D:13)
  4 centaur zombies
  A gargoyle (D:13)
  6 ice devils
  A komodo dragon (shapeshifter) (D:13)
  A meliai (D:13)
  4 trolls
  Grinder (D:4)
  3 hornets
  6 hippogriffs
  Sigmund (D:2)
  11 yaks
  2 wraiths
  A shadow (D:13)
  A human (D:7)
  3 wyverns
  4 hogs (D:7)
  Eustachio (D:4)
  A basilisk (D:10)
  A hungry ghost (D:13)
  Menkaure (D:6)
  Duvessa (D:4)
  3 porcupines (D:10)
  A water moccasin (D:11)
  9 orc warriors
  A black bear (D:9)
  An eye of draining (D:10)
  2 sky beasts
  A phantom (D:12)
  5 ice beasts
  A necrophage (D:8)
  4 ogres
  3 centaurs
  4 crocodiles
  4 big kobolds
  12 bullfrogs
  A wyvern zombie (D:7)
  8 gnoll sergeants (Bailey)
  Dowan (D:4)
  A water moccasin zombie (D:7)
  A wyvern skeleton (D:8)
  4 scorpions
  2 wights (D:7)
  4 howler monkeys
  7 crimson imps
  A quasit (D:10)
  2 bullfrog zombies
  3 draconian simulacra (IceCv)
  7 hounds
  3 jellies
  Crazy Yiuf (D:3)
  9 orc priests
  4 centaur skeletons
  6 gnoll shamans (Bailey)
  8 orc wizards
  2 bullfrog skeletons
  9 iguanas
  14 worker ants
  2 troll simulacra (IceCv)
  2 killer bee zombies
  A centaur simulacrum (IceCv)
  4 hound zombies
  2 hound skeletons
  2 worker ant zombies (D:7)
  14 adders
  14 gnolls (Bailey)
  A howler monkey skeleton (D:8)
  2 naga simulacra (IceCv)
  2 ogre simulacra (IceCv)
  3 shadow imps
  An adder skeleton (D:6)
  An adder zombie (D:7)
  3 dart slugs
  3 leopard geckos
  47 orcs
  9 bats
  3 giant cockroaches
  13 hobgoblins
  6 jackals
  3 quokkas
  7 frilled lizards
  12 goblins
  2 goblin skeletons (D:8)
  A goblin zombie (D:8)
  3 hobgoblin zombies (D:8)
  A jackal zombie (D:7)
  20 kobolds
  3 kobold zombies (D:8)
  An orc skeleton (D:8)
  2 orc zombies (D:8)
  A quokka skeleton (D:4)
  A quokka zombie (D:6)
  5 rats
  A bush (D:10)
431 creatures vanquished.

Vanquished Creatures (collateral kills)
  3 yaks (D:13)
3 creatures vanquished.

Vanquished Creatures (others)
  A wizard (D:7)
  A fungus (D:10)
  7 plants (D:10)
9 creatures vanquished.

Grand Total: 443 creatures vanquished

Notes
Turn   | Place    | Note
-------+----------+-------------------------------------------
     0 | D:1      | Kosschaser the Hill Orc Berserker began the quest for the Orb.
     0 | D:1      | Reached XP level 1. HP: 19/19 MP: 1/1
    83 | D:1      | Reached XP level 2. HP: 23/27 MP: 2/2
   446 | D:1      | Reached ** piety under Trog
   446 | D:1      | Reached XP level 3. HP: 33/33 MP: 3/3
   912 | D:2      | Reached skill level 5 in Axes
  1005 | D:2      | Noticed Sigmund
  1017 | D:2      | Killed Sigmund
  1017 | D:2      | Reached skill level 6 in Axes
  1017 | D:2      | Reached XP level 4. HP: 41/41 MP: 4/4
  1017 | D:2      | Reached XP level 5. HP: 47/47 MP: 5/5
  1364 | D:2      | Reached XP level 6. HP: 51/53 MP: 6/6
  1501 | D:3      | Noticed Grinder
  1742 | D:3      | Reached skill level 7 in Axes
  1997 | D:3      | Paralysed by Grinder for 5 turns
  2189 | D:3      | Found a glowing silver altar of Zin.
  2241 | D:3      | Found a runed door.
  2509 | D:3      | Reached *** piety under Trog
  2509 | D:3      | Reached XP level 7. HP: 38/60 MP: 7/7
  2677 | D:3      | Noticed Crazy Yiuf
  2918 | D:3      | Killed Crazy Yiuf
  3058 | D:4      | Paralysed by Grinder for 4 turns
  3066 | D:4      | Reached skill level 5 in Fighting
  3071 | D:4      | Killed Grinder
  3071 | D:4      | Reached skill level 8 in Axes
  3071 | D:4      | Reached skill level 5 in Armour
  3192 | D:4      | Noticed Eustachio
  3206 | D:4      | Killed Eustachio
  3206 | D:4      | Reached XP level 8. HP: 54/69 MP: 8/8
  3374 | D:4      | Reached skill level 9 in Axes
  3431 | D:4      | Noticed Duvessa
  3678 | D:4      | Noticed Dowan
  3690 | D:4      | Killed Duvessa
  3695 | D:4      | Killed Dowan
  4064 | D:5      | Entered Level 5 of the Dungeon
  4066 | D:5      | Found a shimmering altar of Xom.
  4066 | D:5      | Found a shimmering altar of Xom.
  4067 | D:5      | Found a shimmering altar of Xom.
  4069 | D:5      | Found a shimmering altar of Xom.
  4070 | D:5      | Found a shimmering altar of Xom.
  4079 | D:5      | You fall through a shaft for 3 floors!
  4079 | D:8      | Noticed a hippogriff
  4079 | D:8      | Noticed a hornet
  4132 | D:8      | Noticed a hippogriff
  4140 | D:7      | Noticed a hippogriff
  4217 | D:6      | Found a sparkling altar of Nemelex Xobeh.
  4234 | D:6      | Reached skill level 10 in Axes
  4240 | D:6      | Found a radiant altar of Vehumet.
  4254 | D:6      | Reached XP level 9. HP: 58/79 MP: 9/9
  4315 | D:6      | Reached skill level 11 in Axes
  4318 | D:6      | Noticed Menkaure
  4327 | D:6      | Killed Menkaure
  4327 | D:6      | Reached **** piety under Trog
  4907 | D:6      | Found a basalt altar of Yredelemnul.
  5143 | D:7      | Reached skill level 12 in Axes
  5147 | D:7      | Got a vibrating tin ring
  5171 | D:7      | Identified the ring "Homusir" {+Inv rElec rN+ Str+4 Int+4} (You took it off a wight on level 7 of the Dungeon)
  5394 | D:7      | Reached XP level 10. HP: 61/89 MP: 10/10
  5471 | D:7      | Found a bloodstained altar of Trog.
  5474 | D:7      | Noticed a wizard
  5479 | D:7      | Killed a wizard
  5636 | D:7      | Reached skill level 13 in Axes
  5636 | D:7      | Reached skill level 5 in Dodging
  5694 | D:7      | Reached ***** piety under Trog
  5831 | D:7      | Found a staircase to the Ecumenical Temple.
  6088 | D:8      | Received a gift from Trog
  6221 | D:8      | Reached skill level 14 in Axes
  6366 | D:8      | Reached skill level 10 in Fighting
  6858 | D:8      | Found a glowing golden altar of the Shining One.
  7138 | D:9      | Reached XP level 11. HP: 95/99 MP: 11/11
  7311 | D:9      | Found a flagged portal.
  7405 | Bailey   | Entered a bailey
  7620 | Bailey   | Reached skill level 15 in Axes
  8023 | D:9      | Noticed a red ugly thing
  8032 | D:9      | Killed a red ugly thing
  8476 | D:9      | Found a staircase to the Orcish Mines.
  8692 | D:10     | Entered Level 10 of the Dungeon
  8697 | D:10     | Noticed a two-headed ogre
  8710 | D:10     | Killed a two-headed ogre
  8729 | D:10     | Noticed a two-headed ogre
  8743 | D:10     | Killed a two-headed ogre
  9121 | D:10     | Killed an unseen horror
  9143 | D:10     | Reached skill level 16 in Axes
  9202 | D:10     | Found a staircase to the Lair.
  9217 | D:10     | Reached ****** piety under Trog
  9228 | D:10     | Reached XP level 12. HP: 51/110 MP: 12/12
  9760 | D:11     | Found Oriu's Jewellery Shop.
  9763 | D:11     | Bought the cursed necklace of Bloodlust {*Rage +Rage MR++ Int-3 Slay+6 *Curse} for 761 gold pieces
  9777 | D:11     | Noticed a two-headed ogre
  9782 | D:11     | Killed a two-headed ogre
  9782 | D:11     | Received a gift from Trog
  9907 | D:11     | Noticed Harold
  9917 | D:11     | Killed Harold
  9924 | D:11     | Gained mutation: Armour fits poorly on your strangely shaped body. [mutagenic meat]
  9925 | D:11     | Gained mutation: Your system is resistant to poisons. (rPois) [mutagenic meat]
 10274 | D:11     | Noticed a two-headed ogre
 10281 | D:11     | Killed a two-headed ogre
 10291 | D:11     | Reached skill level 1 in Evocations
 10802 | D:12     | Reached skill level 17 in Axes
 11669 | D:13     | Noticed Rupert
 11679 | D:13     | Killed Rupert
 11708 | D:13     | Noticed a vault guard
 11711 | D:13     | Noticed a vault guard
 11715 | D:13     | Noticed a vault guard
 11718 | D:13     | HP: 2/113 [meliai/war axe (11)]
 11927 | D:13     | Noticed a vault guard
 11935 | D:13     | Killed a vault guard
 11949 | D:13     | Reached skill level 18 in Axes
 11949 | D:13     | Reached XP level 13. HP: 57/119 MP: 4/14
 11973 | D:13     | Killed a vault guard
 12333 | D:13     | Killed a vault guard
 12600 | D:13     | Found a gate to the Vaults.
 12685 | D:13     | Received a gift from Trog
 13090 | D:13     | Reached skill level 19 in Axes
 13312 | D:13     | Killed a vault guard
 13450 | D:14     | Found a frozen archway.
 13477 | IceCv    | Entered an ice cave
 14464 | D:14     | HP: 3/184 [13-headed hydra (9)]
 14464 | D:14     | Slain by a 13-headed hydra

Skill      XL: |  1  2  3  4  5  6  7  8  9 10 11 12 13 |
---------------+----------------------------------------+-----
Fighting       | 4 5 7 8 10 11 12 13 | 13.9
Axes           | 6 7 8 10 12 14 16 18 19 | 19.6
Armour         | 3 4 5 6 7 9 |  9.4
Dodging        | 2 3 4 5 6 7 |  7.3
Evocations     | 1 |  1.4

Action                   |  1- 3 |  4- 6 |  7- 9 | 10-12 | 13-15 || total
-------------------------+-------+-------+-------+-------+-------++-------
Melee: Hand axe          |   113 |    97 |       |       |       ||   210
       War axe           |       |    17 |   234 |   421 |       ||   672
       Battleaxe         |       |       |       |   147 |   184 ||   331
Invok: Berserk           |     1 |     3 |     3 |     5 |     1 ||    13
       Trog's Hand       |     1 |     1 |     1 |     1 |     2 ||     6
       Brothers in Arms  |       |       |       |       |     2 ||     2
 Abil: Evoke Invisibilit |       |       |       |     1 |       ||     1
Evoke: Wand              |       |       |     2 |       |       ||     2
  Use: Scroll            |       |       |     2 |    12 |     4 ||    18
 Stab: Distracted        |       |       |       |       |     1 ||     1
  Eat: Chunk             |       |    10 |     6 |    29 |     6 ||    51
       Bread ration      |       |       |     1 |       |       ||     1
       Fruit             |       |       |     1 |     1 |       ||     2
       Meat ration       |       |       |       |       |     1 ||     1
Armor: Ring mail         |    38 |    36 |    12 |    44 |    44 ||   174
       Animal skin       |     1 |       |       |       |       ||     1
       Leather armour    |       |       |    66 |    72 |       ||   138
       Scale mail        |       |       |       |    54 |       ||    54
Dodge: Dodged            |    81 |    79 |   137 |   376 |    81 ||   754
